General information
- name: BNet
- type: Ladder team game (AT/RT)
- host: Battle.net
- saver: THEMOUNTAINKING
map: Deadlock
- players: 8
- length: 33:59
- speed: Fast
- version: 1.28 W3XP
- replay type: Public
» download(433 KB)
Players
team 1 (winner)
Dharma (
orange | 52 APM | 1765 actions | 33:55)
5 Blademaster
2 Wind Walk
3 Critical Strike
4 Shadow Hunter
2 Hex
2 Healing Wave
» actions
| Basic commands | 145 | |
| Build / train | 84 | |
| ESC pressed | 4 | |
| Enter build submenu | 47 | |
| Enter hero's abilities submenu | 9 | |
| Give item / drop item | 3 | |
| Right click | 834 | |
| Select / deselect | 462 | |
| Use ability | 177 | |
1765 total
» units
| Peon | 11 | |
| Wind Rider | 16 | |
| Troll Batrider | 12 | |
| Kodo Beast | 1 | |
40 total
» upgrades
| Ranged Weapons | 3 | |
| Armor | 1 | |
| Envenomed Spears | 1 | |
| War Drums Damage Increase | 1 | |
| Reinforced Defenses | 1 | |
7 total
» buildings
| Altar of Storms | 1 | |
| Orc Burrow | 6 | |
| War Mill | 1 | |
| Voodoo Lounge | 1 | |
| Stronghold | 1 | |
| Beastiary | 3 | |
| Great Hall | 3 | |
| Fortress | 1 | |
| Watch Tower | 28 | |
45 total
» build order
00:08 Altar of Storms
00:17 Orc Burrow
00:52 War Mill
01:14 Voodoo Lounge
02:31 Stronghold
03:15 Orc Burrow
03:21 Orc Burrow
05:09 Beastiary
05:10 Beastiary
06:21 Great Hall
06:32 Orc Burrow
11:22 Beastiary
11:25 Fortress
12:32 Orc Burrow
15:41 Watch Tower
15:42 Watch Tower
15:44 Watch Tower
20:18 Orc Burrow
22:04 Great Hall
22:05 Watch Tower
22:06 Watch Tower
22:06 Watch Tower
22:07 Watch Tower
26:47 Watch Tower
28:19 Watch Tower
29:07 Watch Tower
29:08 Watch Tower
29:08 Watch Tower
29:10 Watch Tower
29:17 Great Hall
29:24 Watch Tower
31:15 Watch Tower
31:20 Watch Tower
31:21 Watch Tower
31:25 Watch Tower
31:31 Watch Tower
31:32 Watch Tower
31:33 Watch Tower
31:35 Watch Tower
32:51 Watch Tower
32:52 Watch Tower
33:37 Watch Tower
33:38 Watch Tower
33:40 Watch Tower
33:44 Watch Tower
» items
| Healing Salve | 5 | |
| Lesser Clarity Potion | 6 | |
| Scroll of Town Portal | 5 | |
| Potion of Healing | 2 | |
| Potion of Mana | 3 | |
| Orb of Lightning | 1 | |
22 total
ralphmacchio (
teal | 149 APM | 4486 actions | 30:02)
5 Demon Hunter
3 Mana Burn
2 Evasion
» actions
| Assign group hotkey | 38 | |
| Basic commands | 117 | |
| Build / train | 51 | |
| ESC pressed | 5 | |
| Enter build submenu | 26 | |
| Enter hero's abilities submenu | 5 | |
| Right click | 1550 | |
| Select / deselect | 572 | |
| Select group hotkey | 1988 | |
| Use ability | 134 | |
4486 total
» units
» upgrades
| Reinforced Hides | 1 | |
| Corrosive Breath | 1 | |
2 total
» buildings
| Altar of Elders | 1 | |
| Moon Well | 9 | |
| Ancient of War | 1 | |
| Hunter's Hall | 1 | |
| Tree of Ages | 2 | |
| Ancient Protector | 6 | |
| Ancient of Wonders | 1 | |
| Tree of Eternity | 1 | |
| Ancient of Wind | 1 | |
| Chimaera Roost | 4 | |
27 total
» build order
00:27 Altar of Elders
00:36 Moon Well
00:43 Ancient of War
01:43 Moon Well
02:02 Moon Well
02:57 Hunter's Hall
03:36 Tree of Ages
03:36 Tree of Ages
04:46 Ancient Protector
04:49 Ancient Protector
05:26 Ancient Protector
06:19 Ancient Protector
06:22 Ancient Protector
06:25 Ancient Protector
06:47 Ancient of Wonders
07:58 Tree of Eternity
10:53 Ancient of Wind
10:57 Moon Well
11:19 Moon Well
11:23 Moon Well
12:16 Chimaera Roost
12:18 Chimaera Roost
12:21 Chimaera Roost
12:28 Chimaera Roost
14:18 Moon Well
15:56 Moon Well
17:56 Moon Well
» items
| Scroll of Town Portal | 5 | |
| Orb of Venom | 1 | |
6 total

»
Randoms4s(ICEY) (
pink | 126 APM | 4081 actions | 32:19)
5 Beastmaster
3 Summon Quilbeast
2 Summon Bear
3 Pandaren Brewmaster
2 Breath of Fire
1 Drunken Haze
» actions
| Assign group hotkey | 27 | |
| Basic commands | 15 | |
| Build / train | 135 | |
| Enter build submenu | 15 | |
| Enter hero's abilities submenu | 8 | |
| Give item / drop item | 1 | |
| Remove unit from queue | 4 | |
| Right click | 1983 | |
| Select / deselect | 1033 | |
| Select group hotkey | 703 | |
| Use ability | 157 | |
4081 total
» units
| Wisp | 25 | |
| Archer | 27 | |
| Dryad | 18 | |
| Druid of the Claw | 12 | |
82 total
» upgrades
| Improved Bows | 1 | |
| Ultravision | 1 | |
| Strength of the Moon | 2 | |
| Moon Armor | 1 | |
| Abolish Magic | 1 | |
| Druid of the Claw Training | 2 | |
| Marksmanship | 1 | |
| Well Spring | 1 | |
| Strength of the Wild | 2 | |
| Reinforced Hides | 2 | |
| Mark of the Claw | 1 | |
15 total
» buildings
| Altar of Elders | 1 | |
| Moon Well | 6 | |
| Ancient of War | 1 | |
| Hunter's Hall | 1 | |
| Tree of Ages | 1 | |
| Tree of Life | 2 | |
| Ancient Protector | 2 | |
| Tree of Eternity | 1 | |
| Ancient of Lore | 2 | |
| Ancient of Wonders | 1 | |
18 total
» build order
00:05 Altar of Elders
00:08 Moon Well
00:51 Ancient of War
01:56 Moon Well
01:57 Moon Well
02:19 Hunter's Hall
03:32 Tree of Ages
04:08 Tree of Life
04:34 Moon Well
04:37 Ancient Protector
05:10 Tree of Life
08:52 Tree of Eternity
08:57 Ancient of Lore
08:57 Ancient of Lore
09:49 Ancient of Wonders
12:27 Moon Well
12:28 Moon Well
29:33 Ancient Protector
» items
| Scroll of Town Portal | 6 | |
| Staff of Preservation | 2 | |
| Orb of Venom | 2 | |
| Anti-magic Potion | 2 | |
| Moonstone | 1 | |
| Lesser Clarity Potion | 1 | |
| Dust of Appearance | 1 | |
15 total
REELING-IT-IN (
green | 77 APM | 2619 actions | 33:55)
5 Blademaster
2 Wind Walk
3 Critical Strike
4 Shadow Hunter
2 Hex
2 Healing Wave
» actions
| Assign group hotkey | 34 | |
| Basic commands | 118 | |
| Build / train | 76 | |
| Enter build submenu | 24 | |
| Enter hero's abilities submenu | 9 | |
| Give item / drop item | 1 | |
| Right click | 1195 | |
| Select / deselect | 204 | |
| Select group hotkey | 828 | |
| Use ability | 130 | |
2619 total
» units
| Peon | 16 | |
| Grunt | 3 | |
| Wind Rider | 16 | |
| Raider | 3 | |
38 total
» upgrades
| Reinforced Defenses | 1 | |
| Ranged Weapons | 2 | |
| Armor | 2 | |
| Ensnare | 1 | |
6 total
» buildings
| Altar of Storms | 1 | |
| Orc Burrow | 8 | |
| Barracks | 1 | |
| Voodoo Lounge | 1 | |
| Stronghold | 1 | |
| War Mill | 1 | |
| Great Hall | 1 | |
| Watch Tower | 16 | |
| Beastiary | 3 | |
| Fortress | 2 | |
35 total
» build order
00:09 Altar of Storms
00:20 Orc Burrow
00:38 Barracks
01:28 Orc Burrow
01:58 Voodoo Lounge
03:15 Stronghold
04:06 War Mill
04:29 Great Hall
05:45 Watch Tower
05:46 Watch Tower
05:46 Watch Tower
05:47 Watch Tower
06:18 Orc Burrow
07:17 Beastiary
07:19 Beastiary
08:07 Fortress
08:07 Fortress
08:43 Orc Burrow
08:58 Orc Burrow
10:41 Orc Burrow
10:41 Orc Burrow
10:54 Orc Burrow
12:44 Watch Tower
12:45 Watch Tower
12:45 Watch Tower
12:45 Watch Tower
13:28 Watch Tower
17:07 Watch Tower
17:08 Watch Tower
17:08 Watch Tower
17:09 Watch Tower
18:40 Watch Tower
18:40 Watch Tower
18:40 Watch Tower
25:34 Beastiary
» items
| Healing Salve | 5 | |
| Lesser Clarity Potion | 1 | |
| Scroll of Town Portal | 6 | |
| Potion of Mana | 1 | |
13 total
team 2 (loser)
KBilly (
red | 67 APM | 1626 actions | 24:11)
4 Blademaster
2 Wind Walk
2 Critical Strike
3 Shadow Hunter
1 Hex
2 Healing Wave
» actions
| Assign group hotkey | 48 | |
| Basic commands | 44 | |
| Build / train | 77 | |
| ESC pressed | 3 | |
| Enter build submenu | 20 | |
| Enter hero's abilities submenu | 7 | |
| Right click | 571 | |
| Select / deselect | 266 | |
| Select group hotkey | 440 | |
| Use ability | 150 | |
1626 total
» units
| Peon | 8 | |
| Grunt | 4 | |
| Spirit Walker | 4 | |
| Raider | 7 | |
| Troll Batrider | 11 | |
34 total
» upgrades
| Spirit Walker Training | 1 | |
| Ensnare | 1 | |
| Melee Weapons | 2 | |
| Armor | 2 | |
| Pillage | 1 | |
7 total
» buildings
| Altar of Storms | 1 | |
| Orc Burrow | 5 | |
| Barracks | 1 | |
| Stronghold | 2 | |
| Voodoo Lounge | 2 | |
| Spirit Lodge | 1 | |
| Beastiary | 1 | |
| War Mill | 1 | |
| Watch Tower | 3 | |
| Great Hall | 3 | |
| Fortress | 1 | |
21 total
» build order
00:06 Altar of Storms
00:20 Orc Burrow
00:35 Barracks
02:12 Stronghold
02:30 Orc Burrow
02:55 Voodoo Lounge
03:50 Voodoo Lounge
04:36 Spirit Lodge
04:41 Orc Burrow
05:24 Beastiary
06:17 War Mill
06:59 Orc Burrow
08:44 Watch Tower
09:27 Watch Tower
12:24 Great Hall
14:05 Watch Tower
18:28 Fortress
19:00 Great Hall
19:22 Orc Burrow
20:06 Great Hall
22:48 Stronghold
» items
| Circlet of Nobility | 1 | |
| Healing Salve | 6 | |
| Scroll of Speed | 5 | |
| Lesser Clarity Potion | 6 | |
| Scroll of Town Portal | 3 | |
| Potion of Mana | 1 | |
| Potion of Lesser Invulnerability | 1 | |
23 total

»
findinggames (
purple | 115 APM | 3007 actions | 26:09)
5 Dark Ranger
2 Black Arrow
3 Silence
3 Pandaren Brewmaster
2 Breath of Fire
1 Drunken Haze
1 Blademaster
1 Critical Strike
1 Shadow Hunter
1 Hex
» actions
| Assign group hotkey | 68 | |
| Basic commands | 264 | |
| Build / train | 117 | |
| ESC pressed | 6 | |
| Enter build submenu | 49 | |
| Enter hero's abilities submenu | 13 | |
| Give item / drop item | 1 | |
| Remove unit from queue | 1 | |
| Right click | 1168 | |
| Select / deselect | 676 | |
| Select group hotkey | 478 | |
| Use ability | 166 | |
3007 total
» units
| Peasant | 28 | |
| Rifleman | 18 | |
| Centaur Outrunner | 2 | |
| Harpy Rogue | 2 | |
| Dragonhawk Rider | 6 | |
| Spell Breaker | 2 | |
| Troll Batrider | 7 | |
| Gryphon Rider | 2 | |
67 total
» upgrades
| Gunpowder | 1 | |
| Long Rifles | 1 | |
| Lumber Harvesting | 2 | |
| Masonry | 3 | |
| Cloud | 1 | |
| Animal War Training | 1 | |
| Magic Sentry | 1 | |
| Swords | 1 | |
| Armor | 1 | |
| Storm Hammers | 1 | |
13 total
» buildings
| Barracks | 2 | |
| Farm | 12 | |
| Lumber Mill | 3 | |
| Blacksmith | 1 | |
| Altar of Kings | 1 | |
| Scout Tower | 17 | |
| Town Hall | 5 | |
| Keep | 1 | |
| Arcane Tower | 1 | |
| Guard Tower | 8 | |
| Gryphon Aviary | 2 | |
| Arcane Vault | 1 | |
| Castle | 1 | |
| Arcane Sanctum | 2 | |
57 total
» build order
00:12 Barracks
00:16 Farm
00:22 Lumber Mill
00:35 Blacksmith
01:39 Farm
02:00 Altar of Kings
02:32 Farm
03:07 Farm
03:46 Scout Tower
05:12 Town Hall
05:24 Farm
05:27 Scout Tower
05:54 Keep
06:09 Lumber Mill
06:55 Arcane Tower
06:59 Scout Tower
07:56 Guard Tower
08:10 Barracks
09:19 Farm
09:21 Farm
09:50 Gryphon Aviary
09:54 Guard Tower
09:54 Guard Tower
11:13 Gryphon Aviary
12:30 Farm
13:14 Arcane Vault
14:04 Town Hall
14:20 Scout Tower
14:28 Farm
15:14 Farm
15:15 Farm
15:16 Farm
15:41 Castle
15:52 Arcane Sanctum
15:55 Arcane Sanctum
16:57 Lumber Mill
18:33 Town Hall
18:34 Scout Tower
18:35 Scout Tower
18:36 Scout Tower
18:36 Scout Tower
18:39 Town Hall
19:57 Guard Tower
19:57 Guard Tower
19:58 Scout Tower
20:16 Scout Tower
20:17 Scout Tower
21:41 Guard Tower
21:41 Guard Tower
23:16 Town Hall
23:47 Scout Tower
23:48 Scout Tower
23:50 Scout Tower
23:57 Scout Tower
23:57 Scout Tower
23:58 Scout Tower
25:26 Guard Tower
» items
| Boots of Speed | 1 | |
| Potion of Lesser Invulnerability | 2 | |
| Scroll of Healing | 3 | |
| Scroll of Town Portal | 2 | |
| Potion of Invisibility | 1 | |
| Scroll of Regeneration | 2 | |
| Lesser Clarity Potion | 1 | |
| Potion of Healing | 1 | |
13 total

»
JustinTown (
blue | 93 APM | 2342 actions | 25:16)
5 Demon Hunter
3 Mana Burn
2 Evasion
2 Keeper of the Grove
1 Entangling Roots
1 Thorns Aura
» actions
| Assign group hotkey | 24 | |
| Basic commands | 2 | |
| Build / train | 62 | |
| ESC pressed | 1 | |
| Enter build submenu | 24 | |
| Enter hero's abilities submenu | 7 | |
| Remove unit from queue | 3 | |
| Right click | 1657 | |
| Select / deselect | 411 | |
| Select group hotkey | 87 | |
| Use ability | 64 | |
2342 total
» units
| Wisp | 16 | |
| Archer | 1 | |
| Huntress | 4 | |
| Hippogryph | 12 | |
| Chimaera | 6 | |
39 total
» upgrades
| Strength of the Wild | 2 | |
| Reinforced Hides | 1 | |
| Corrosive Breath | 1 | |
4 total
» buildings
| Altar of Elders | 1 | |
| Moon Well | 6 | |
| Ancient of War | 1 | |
| Hunter's Hall | 1 | |
| Ancient of Wonders | 3 | |
| Tree of Ages | 1 | |
| Ancient Protector | 3 | |
| Ancient of Wind | 5 | |
| Tree of Eternity | 1 | |
| Chimaera Roost | 2 | |
24 total
» build order
00:09 Altar of Elders
00:14 Moon Well
00:55 Ancient of War
01:57 Hunter's Hall
02:06 Moon Well
02:23 Ancient of Wonders
03:17 Tree of Ages
05:12 Ancient Protector
05:27 Moon Well
05:34 Ancient Protector
05:49 Ancient of Wind
06:01 Tree of Eternity
06:53 Moon Well
09:06 Chimaera Roost
09:08 Chimaera Roost
12:32 Moon Well
12:34 Moon Well
12:37 Ancient Protector
14:00 Ancient of Wind
19:01 Ancient of Wind
19:10 Ancient of Wind
19:12 Ancient of Wind
20:42 Ancient of Wonders
20:47 Ancient of Wonders
» items
| Scroll of Town Portal | 1 | |
| Orb of Venom | 1 | |
| Moonstone | 1 | |
| Potion of Healing | 2 | |
5 total
THEMOUNTAINKING (
yellow | 148 APM | 5020 actions | 33:59)
6 Archmage
3 Summon Water Elemental
2 Brilliance Aura
1 Mass Teleport
5 Mountain King
3 Storm Bolt
2 Bash
3 Paladin
2 Holy Light
1 Devotion Aura
» actions
| Assign group hotkey | 87 | |
| Basic commands | 342 | |
| Build / train | 182 | |
| ESC pressed | 6 | |
| Enter build submenu | 60 | |
| Enter hero's abilities submenu | 17 | |
| Give item / drop item | 2 | |
| Remove unit from queue | 1 | |
| Right click | 1520 | |
| Select / deselect | 746 | |
| Select group hotkey | 1784 | |
| Use ability | 272 | |
5020 total
» units
| Peasant | 14 | |
| Footman | 3 | |
| Rifleman | 12 | |
| Priest | 6 | |
| Sorceress | 3 | |
| Dragonhawk Rider | 2 | |
| Spell Breaker | 2 | |
42 total
» upgrades
| Gunpowder | 3 | |
| Armor | 3 | |
| Masonry | 3 | |
| Long Rifles | 1 | |
| Sorceress Training | 3 | |
| Priest Training | 2 | |
| Lumber Harvesting | 1 | |
| Plating | 3 | |
| Swords | 3 | |
| Storm Hammers | 1 | |
| Cloud | 1 | |
| Animal War Training | 1 | |
| Spiked Barricades | 1 | |
| Magic Sentry | 1 | |
27 total
» buildings
| Altar of Kings | 1 | |
| Farm | 14 | |
| Barracks | 2 | |
| Arcane Vault | 3 | |
| Lumber Mill | 1 | |
| Keep | 2 | |
| Town Hall | 2 | |
| Scout Tower | 26 | |
| Blacksmith | 1 | |
| Arcane Tower | 4 | |
| Castle | 2 | |
| Arcane Sanctum | 2 | |
| Guard Tower | 39 | |
| Gryphon Aviary | 2 | |
| Watch Tower | 5 | |
| Fortress | 3 | |
109 total
» build order
00:48 Altar of Kings
01:00 Farm
01:02 Farm
01:04 Barracks
01:09 Farm
01:34 Arcane Vault
01:55 Lumber Mill
02:38 Farm
03:50 Keep
03:50 Keep
04:27 Town Hall
04:31 Scout Tower
04:56 Blacksmith
05:13 Arcane Tower
05:13 Arcane Tower
05:18 Scout Tower
05:55 Arcane Tower
05:55 Arcane Tower
06:46 Castle
06:46 Castle
07:33 Arcane Sanctum
08:34 Arcane Vault
09:40 Farm
09:41 Farm
10:58 Scout Tower
10:59 Scout Tower
12:07 Guard Tower
12:08 Guard Tower
12:08 Guard Tower
13:30 Scout Tower
13:37 Scout Tower
13:43 Scout Tower
14:02 Guard Tower
14:03 Guard Tower
14:08 Guard Tower
14:08 Guard Tower
14:08 Guard Tower
14:38 Guard Tower
14:38 Guard Tower
14:48 Scout Tower
14:57 Scout Tower
14:58 Scout Tower
15:26 Guard Tower
15:26 Guard Tower
15:27 Guard Tower
15:33 Guard Tower
15:33 Guard Tower
15:38 Guard Tower
15:39 Guard Tower
16:04 Gryphon Aviary
16:14 Gryphon Aviary
17:10 Arcane Sanctum
17:20 Barracks
18:30 Farm
18:30 Farm
21:05 Farm
22:09 Farm
24:22 Town Hall
24:24 Scout Tower
24:24 Scout Tower
24:25 Scout Tower
24:25 Scout Tower
24:27 Scout Tower
24:28 Scout Tower
24:29 Scout Tower
24:29 Scout Tower
24:53 Guard Tower
24:53 Guard Tower
24:54 Guard Tower
24:57 Guard Tower
25:02 Farm
25:03 Farm
25:04 Farm
25:07 Farm
25:18 Guard Tower
25:18 Guard Tower
25:18 Guard Tower
25:21 Guard Tower
25:21 Guard Tower
25:21 Guard Tower
25:22 Guard Tower
25:22 Guard Tower
25:23 Guard Tower
25:24 Guard Tower
25:24 Guard Tower
25:26 Scout Tower
25:27 Scout Tower
25:28 Scout Tower
25:54 Guard Tower
25:54 Guard Tower
25:54 Guard Tower
25:56 Guard Tower
25:56 Guard Tower
25:57 Guard Tower
25:57 Guard Tower
26:03 Arcane Vault
28:41 Watch Tower
28:42 Watch Tower
28:42 Watch Tower
28:43 Watch Tower
28:44 Watch Tower
28:48 Fortress
28:48 Fortress
28:48 Fortress
29:05 Scout Tower
29:06 Scout Tower
29:06 Scout Tower
29:07 Scout Tower
29:08 Scout Tower
» items
| Scroll of Regeneration | 6 | |
| Boots of Speed | 2 | |
| Periapt of Vitality | 2 | |
| Circlet of Nobility | 2 | |
| Potion of Lesser Invulnerability | 2 | |
| Scroll of Protection | 2 | |
| Scroll of Healing | 1 | |
| Orb of Fire | 2 | |
| Staff of Sanctuary | 1 | |
| Scroll of Town Portal | 1 | |
21 total
Chat log
(00:12 / All) KBilly: glhf
(07:07 / Allies) KBilly: I'm not there
(07:21 / Allies) KBilly: sec
(08:00 / Allies) THEMOUNTAINKING: help
(08:19 / Allies) findinggames: omw
(09:40 / Allies) JustinTown: kill his moonwells
(10:07 / Allies) THEMOUNTAINKING: lumber plz
(12:10 / Allies) findinggames: wood plz
(12:14 / All) THEMOUNTAINKING: attack another base idiots
(14:06 / Allies) THEMOUNTAINKING: rifle purp
(14:13 / Allies) THEMOUNTAINKING: lumber plz
(14:52 / All) REELING-IT-IN: ur such ahacker purple
(14:54 / All) REELING-IT-IN: faggot
(15:04 / All) findinggames: its funny i never hacked
(15:09 / All) findinggames: but get that all the time
(16:05 / Allies) THEMOUNTAINKING: lumber
(16:33 / Allies) KBilly: b
(17:37 / Allies) findinggames: tp
(17:42 / Allies) KBilly: almost there
(17:55 / 9) THEMOUNTAINKING: fucking whisper bug
(17:57 / 9) THEMOUNTAINKING: was going to say purp inc
(17:58 / 9) THEMOUNTAINKING: red too now
(18:46 / Allies) JustinTown: spend your gold or shar
(18:48 / Allies) JustinTown: it yellow
(18:54 / Allies) THEMOUNTAINKING: you're welcome
(18:58 / Allies) findinggames: we got this game
(19:02 / Allies) THEMOUNTAINKING: tell me every president of the USA in order and you might have a chance at the win
(19:06 / Allies) KBilly: that's why you sacrificed me?
(19:46 / 9) THEMOUNTAINKING: my other allies are far apart
(21:04 / Allies) KBilly: b
(21:23 / Allies) KBilly: oh you'd like allies now yellow?
(21:28 / Allies) KBilly: now you'd like to talk to your team?
(21:45 / 9) THEMOUNTAINKING: GET THEM AWAY
(21:46 / Allies) JustinTown: can't have 4k gold stocked up homie
(21:48 / All) JustinTown: gg
(21:51 / Allies) findinggames: DUDE
(21:51 / Allies) KBilly: name every President of the United States of America.
(21:54 / Allies) findinggames: just keep trying
(23:06 / 9) THEMOUNTAINKING: RELAX DUDE
(23:32 / 9) THEMOUNTAINKING: no I'm not I warned you about that expo ages ago
(23:47 / 9) THEMOUNTAINKING: they're at mine too
(23:52 / 9) THEMOUNTAINKING: relax
(24:19 / 9) THEMOUNTAINKING: see my time is leaving
(25:20 / 9) THEMOUNTAINKING: see we got this
(25:43 / All) REELING-IT-IN: out u damn hacker
(26:13 / 9) THEMOUNTAINKING: now you can tk
(29:29 / 9) THEMOUNTAINKING: k
(29:59 / All) ralphmacchio: gg wp
(30:04 / All) THEMOUNTAINKING: gg ty
(30:09 / 9) THEMOUNTAINKING: k
(31:23 / 9) THEMOUNTAINKING: k
(33:00 / All) THEMOUNTAINKING: oj you can leave now
(33:03 / All) THEMOUNTAINKING: you have our permission
(33:12 / All) Dharma: green tk us
(33:13 / All) REELING-IT-IN: gay ass game
(33:16 / All) REELING-IT-IN: horrible spawns
(33:17 / All) Dharma: you guys sucked
(33:39 / All) REELING-IT-IN: worst game ever to get outside spawns with billy and purple on my base and tealpink on ur base
(33:50 / All) THEMOUNTAINKING: yeah the spawns sucked
(33:53 / All) THEMOUNTAINKING: but this game was smoother than you thought it was
(33:55 / 9) THEMOUNTAINKING: shit I'm lagging